 Dungeon Crawl Stone Soup version 0.31.0-32-g396128a36d (webtiles) character file.

Game seed: 16834922247434246939

179 spaghetti the Slasher (level 5, -6/46 HPs)
             Began as a Deep Elf Berserker on Mar 22, 2024.
             Was a Believer of Trog.
             Mangled by Edmund
             ... wielding a +2 heavy flail
              (19 damage)
             ... on level 4 of the Dungeon.
             The game lasted 00:02:55 (2918 turns).

spaghetti the Slasher (Deep Elf Berserker)          Turns: 2918, Time: 00:02:56

Health: -6/46      AC:  5    Str: 14    XL:     5   Next: 32%
Magic:  7/7        EV: 18    Int: 12    God:    Trog [**....]
Gold:   1295       SH:  0    Dex: 20    Spells: 4/4 levels left

rFire   . . .        a - +0 falchion
rCold   . . .        (no shield)
rNeg    . . .        b - +1 animal skin
rPois   .            e - +1 helmet "Cicantos" {Dex+4}
rElec   .            (no cloak)
rCorr   .            (no gloves)
SInv    .            (no boots)
Will    .....        (no amulet) Stlth
                     c - +5 ring of evasion
HPRegen 0.27/turn    (no ring)
MPRegen 0.10/turn

%: no passive effects
@: berserking, very quick
A: no striking features
a: Renounce Religion, Berserk, Trog's Hand


You were on level 4 of the Dungeon.
You worshipped Trog.
Trog was pleased with you.
You visited 1 branch of the dungeon, and saw 4 of its levels.

You collected 1295 gold pieces.

Inventory:

Hand Weapons
 a - a +0 falchion (weapon)
Armour
 b - a +1 animal skin (worn)
 e - the +1 helmet "Cicantos" (worn) {Dex+4}
   (You acquired it on level 2 of the Dungeon)

   Dex+4:     It affects your dexterity (+4).
Jewellery
 c - a +5 ring of evasion (left hand)
Scrolls
 f - a scroll of vulnerability
 h - a scroll of fog {unknown}
 i - a scroll of identify
 l - a scroll of noise
 o - 2 scrolls of blinking
Potions
 d - a potion of enlightenment {unknown}
 g - a potion of haste {unknown}
 j - a potion of might {unknown}
 m - 2 potions of attraction {unknown}
 p - a potion of curing {unknown}
 q - a potion of heal wounds {unknown}


   Skills:
 - Level 2.4 Fighting
 + Level 5.2 Long Blades
 - Level 1.5 Armour
 - Level 2.4 Dodging
 - Level 2.4 Stealth


You had 4 spell levels left.
You didn't know any spells.
Your spell library was empty.

Dungeon Overview and Level Annotations

Branches:
Dungeon (4/15)
 Temple: D:4-7

Altars:
Kikubaaqudgha

Shops:
D:1 =

Annotations:
D:4 Edmund


Message History

You are too injured to fight recklessly!
You are too injured to fight recklessly!
You are too injured to fight recklessly!
You are too injured to fight recklessly!
You are too injured to fight recklessly!
You are too injured to fight recklessly!
You are too injured to fight recklessly!
You are too injured to fight recklessly!
Unknown command.
Unknown command.
A red film seems to cover your vision as you go berserk!
You feel yourself moving faster!
You feel mighty!
You hit Edmund.
Edmund is lightly wounded.
Edmund barely misses you.
You slash Edmund!
Edmund is moderately wounded.
You barely miss Edmund.
Edmund is moderately wounded.
Edmund hits you with a +2 heavy flail! The goblin closely misses you.
The orc wizard hits you with a +0 dagger.
You hit Edmund.
Edmund is moderately wounded.
The goblin hits you with a +0 club.
* * * LOW HITPOINT WARNING * * *
The orc wizard gestures wildly while chanting.
The orc wizard flickers and vanishes!
Deactivating autopickup; reactivate with Ctrl-A.
You slash Edmund!
Edmund is heavily wounded.
Edmund closely misses you.
You slash Edmund!
Edmund is severely wounded.
The goblin closely misses you. Something hits you.
* * * LOW HITPOINT WARNING * * *
You slash Edmund!
Edmund is almost dead.
Edmund hits you with a +2 heavy flail!!
You die...
Edmund whines, "They better pay attention to me now!"

#.....## #.#.#
#......###.#.
#.......##.#
#..#.....#.# ##
#..##....#.#
##.###..###.....#
#....#..# ##....#
.....<..#
##...########
........#
#..g@@...... ..
........#
#...{o...#### #.
.....#..#
#.....o.## #.
....##.##
#........# #.
..## #.#
#..........# #.
## #.#
#...........# #.
#.#
##...........#
##. #.#
#............ #..
.. ..w# ##..


You could see Edmund, 2 orcs and a goblin.

Vanquished Creatures
  A scorpion (D:4)
  A jelly (D:4)
  2 adders (D:3)
  3 dart slugs
  A ribbon worm (D:2)
  3 orcs (D:2)
  2 ball pythons
  2 bats
  2 endoplasms
  4 giant cockroaches
  4 goblins
  11 hobgoblins
  2 jackals (D:3)
  6 kobolds
  4 quokkas
  4 frilled lizards
  4 rats
56 creatures vanquished.

Notes
Turn   | Place    | Note
-------+----------+-------------------------------------------
     0 | D:1      | spaghetti the Deep Elf Berserker began the quest for the
                  | Orb.
     0 | D:1      | Reached XP level 1. HP: 13/13 MP: 3/3
   311 | D:1      | Reached skill level 1 in Stealth
   446 | D:1      | Found Rixiw's Jewellery Shoppe.
   473 | D:1      | Reached skill level 3 in Long Blades
   475 | D:1      | Reached XP level 2. HP: 13/18 MP: 4/4
  1208 | D:2      | Identified a scroll of acquirement
  1208 | D:2      | Acquired the +1 helmet "Cicantos" {Dex+4}
  1298 | D:2      | Reached XP level 3. HP: 18/22 MP: 5/5
  1830 | D:2      | Found an ancient bone altar of Kikubaaqudgha.
  2302 | D:3      | Reached skill level 4 in Long Blades
  2302 | D:3      | Reached XP level 4. HP: 17/27 MP: 6/6
  2677 | D:3      | Acquired 1026 gold pieces
  2691 | D:3      | Reached ** piety under Trog
  2763 | D:4      | Noticed a scorpion
  2776 | D:4      | Killed a scorpion
  2777 | D:4      | Reached XP level 5. HP: 31/31 MP: 7/7
  2811 | D:4      | Reached skill level 5 in Long Blades
  2906 | D:4      | Noticed Edmund
  2918 | D:4      | Mangled by Edmund

Illustrated notes

Levels and vault maps discovered:
D:1:      dpeg_arrival_ternary, layout_loops_corners, serial_shops,
          nicolae_square_shop
D:2:      layout_loops_ring, serial_co_window_serial, co_window_corner_a,
          co_window_of_opportunity_a, co_window_paths_b,
          co_window_of_opportunity_a, co_window_corner_a, co_window_paths_a,
          co_window_paths_c, co_window_of_opportunity_c, co_window_2corner,
          co_window_4corner_a, glass_columns_c, glass_columns_b, basic_altar,
          guppyfry_early_orc_mine
D:3:      layout_rooms
D:4:      layout_cave_pods, serial_shops, nicolae_shop_back_alley_shop,
          nicolae_shop_i_like_small_books_too, nicolae_inconvenience_store,
          uniq_edmund, uniq_robin

Skill      XL: |  1  2  3  4  5 |
---------------+----------------+-----
Stealth        | 1 2 |  2.4
Long Blades    | 3 4 5 |  5.2
Fighting       | |  2.4
Armour         | |  1.5
Dodging        | |  2.4

Action                     |  1- 3 |  4- 6 || total
---------------------------+-------+-------++-------
  Melee: Falchion          |   131 |    48 ||   179
         Punch             |     1 |       ||     1
 Invoke: Berserk           |     5 |     2 ||     7
    Use: Scroll            |     5 |     4 ||     9
   Stab: Sleeping          |     5 |     2 ||     7
 Armour: Animal skin       |    41 |    17 ||    58
  Dodge: Dodged            |    96 |    38 ||   134
